 Dungeon Crawl Stone Soup version 0.22-a0-567-gff9aefc (webtiles) character file.

194 Amnesiac the Ducker (level 5, 0/28 HPs)
             Began as a Spriggan Fighter on June 29, 2018.
             Slain by a big kobold
             ... wielding a +0 short sword
              (3 damage)
             ... in a sewer.
             The game lasted 00:05:06 (3159 turns).

Amnesiac the Ducker (Spriggan Fighter)              Turns: 3159, Time: 00:05:07

Health: 0/28       AC:  2    Str: 13    XL:     5   Next: 44%
Magic:  6/6        EV: 25    Int: 10    God:
Gold:   137        SH:  7    Dex: 20    Spells: 4/4 levels left

rFire    . . .     SeeInvis +   a - +0 rapier
rCold    . . .     Gourm    .   c - +0 buckler
rNeg     . . .     Faith    .   b - +0 robe
rPois    .         Spirit   .   (helmet restricted)
rElec    .         Reflect  .   q - scarf {repulsion}
rCorr    .         Harm     .   (gloves unavailable)
MR       .....                  (boots unavailable)
Stlth    ++++......             (no amulet)
HPRegen  0.09/turn              (no ring)
MPRegen  0.10/turn              (no ring)

@: agile, repel missiles, very quick
A: very small, unfitting armour, see invisible, herbivore, speed 3, slow
metabolism 2
a: no special abilities


You were in a sewer.
You were full.

You visited 1 branch of the dungeon, and saw 3 of its levels.
You also visited: Sewer.

You collected 137 gold pieces.

Inventory:

Hand Weapons
 a - a +0 rapier (weapon)
 e - a +0 blowgun
Missiles
 u - 8 poisoned needles
Armour
 b - a +0 robe (worn)
 c - a +0 buckler (worn)
 q - a scarf of repulsion (worn)
Wands
 r - a wand of flame (24)
Scrolls
 g - 4 scrolls of teleportation {!r, unknown}
 h - 3 scrolls of immolation {!r, unknown}
 i - 2 scrolls of random uselessness {!r, unknown}
 j - a scroll of noise {!r, unknown}
 n - 4 scrolls of remove curse {!r, unknown}
 o - 2 scrolls of identify {!r, unknown}
Potions
 d - 3 potions of might {!q}
 k - a potion of cancellation {!q, unknown}
 l - a potion of curing {!q, unknown}
 m - a potion of degeneration {!q, unknown}
 p - 3 potions of agility {!q}
 s - 2 potions of heal wounds {!q}
 t - 3 potions of brilliance {!q, unknown}
Comestibles
 f - a ration


   Skills:
 + Level 2.9 Fighting
 * Level 4.3 Short Blades
 + Level 5.1 Dodging
 + Level 4.2 Stealth
 - Level 2.4 Shields


You had 4 spell levels left.
You didn't know any spells.
Your spell library was empty.

Dungeon Overview and Level Annotations

Branches:
Dungeon (3/15)

Altars:
Fedhas


Innate Abilities, Weirdness & Mutations

You are very small and have problems with some larger weapons.
You are too small for most types of armour.
You have supernaturally acute eyesight. (SInv)
You are a herbivore.
You cover ground extremely quickly.
You need to consume almost no food.


Message History

You hit the big kobold but do no damage.
The big kobold is moderately wounded.
The big kobold closely misses you. x2
You feel sick.
You are no longer poisoned.
You see here a stone.
You swing at nothing.
You swing at nothing.
You hit the big kobold but do no damage.
The big kobold completely misses you.
You barely miss the big kobold.
The big kobold hits you with a short sword.
* * * LOW HITPOINT WARNING * * *
You closely miss the big kobold. The big kobold completely misses you.
The big kobold barely misses you.
You hit the big kobold but do no damage.
The big kobold is moderately wounded.
The big kobold completely misses you. The big kobold closely misses you.
You closely miss the big kobold.
The big kobold is moderately wounded.
The big kobold barely misses you.
The big kobold hits you with a short sword.
* * * LOW HITPOINT WARNING * * *
Really quaff
s - 3 potions of heal wounds {!q}?
You feel much better.
The big kobold splashes around in the water.
You block the big kobold's attack.
You hit the big kobold but do no damage.
The big kobold is moderately wounded.
The big kobold closely misses you. The big kobold completely misses you.
You barely miss the big kobold.
The big kobold is moderately wounded.
The big kobold hits you with a short sword.
You block the big kobold's attack.
You puncture the big kobold!
The big kobold is heavily wounded.
The big kobold closely misses you. x2
You hit the big kobold.
The big kobold is heavily wounded.
The big kobold closely misses you.
The big kobold hits you with a short sword.
You hit the big kobold.
The big kobold is heavily wounded.
The big kobold splashes around in the water.
You block the big kobold's attack.
You hit the big kobold but do no damage.
The big kobold is heavily wounded.
The big kobold hits you with a short sword.
The big kobold closely misses you.
You completely miss the big kobold.
The big kobold is heavily wounded.
You block the big kobold's attack.
The big kobold hits you with a short sword!
* * * LOW HITPOINT WARNING * * *
You hit the big kobold.
The big kobold is severely wounded.
You block the big kobold's attack.
The big kobold hits you with a short sword!
* * * LOW HITPOINT WARNING * * *
You hit the big kobold.
The big kobold is severely wounded.
The big kobold splashes around in the water.
The big kobold hits you with a short sword.
You die...

## #### ####### ###### .##
###..## ###.....## ###.)((#
..###.....####.†......####.....()
.................###........)...#
.......##......†###.....(.......#
.....####......†.##.....##..≈.≈≈#
......##...............####≈≈≈≈≈≈
≈≈..≈≈..........KK.≈≈≈##≈≈≈≈≈≈≈≈≈
≈≈≈≈≈≈.≈...≈...≈@≈≈≈≈≈≈≈≈≈≈≈≈≈≈≈≈
≈≈≈≈≈≈≈≈≈≈≈≈≈≈≈≈≈≈≈≈≈≈≈≈≈≈≈≈≈≈≈≈≈
≈≈≈≈≈≈≈≈≈≈≈≈≈≈≈≈≈≈≈≈≈≈≈≈≈≈≈≈≈≈≈≈≈
≈≈≈≈≈≈≈≈≈≈≈≈≈.≈≈≈≈≈≈≈≈≈≈≈≈≈≈≈≈≈≈≈
≈≈≈≈≈...........≈≈≈≈≈≈≈≈≈≈≈≈≈≈≈≈#
≈≈.≈.≈.........≈≈≈.≈≈≈....≈≈≈≈≈≈#
≈.........................≈≈≈.≈≈#
................................'
.......†......†....##...........#


You could see 2 big kobolds.

Vanquished Creatures
  5 adders (Sewer)
  7 river rats (Sewer)
  An ooze (D:1)
  A dart slug (D:2)
  3 leopard geckos
  3 ball pythons (Sewer)
  4 giant cockroaches
  4 goblins
  6 hobgoblins
  3 jackals (D:2)
  17 kobolds
  A quokka (D:2)
  3 bats
  5 frilled lizards
  21 rats
84 creatures vanquished.

Notes
Turn   | Place    | Note
-------+----------+-------------------------------------------
     0 | D:1      | Amnesiac the Spriggan Fighter began the quest for the Orb.
     0 | D:1      | Reached XP level 1. HP: 11/11 MP: 2/2
    19 | D:1      | Reached skill level 1 in Stealth
   244 | D:1      | Reached XP level 2. HP: 15/16 MP: 3/3
   778 | D:2      | Reached XP level 3. HP: 6/19 MP: 4/4
  1358 | D:2      | Found a blossoming altar of Fedhas.
  1462 | D:3      | Found a glowing drain.
  1553 | Sewer    | Entered a sewer
  1766 | Sewer    | Reached XP level 4. HP: 23/23 MP: 5/5
  2410 | Sewer    | Reached XP level 5. HP: 22/28 MP: 6/6
  2415 | Sewer    | Reached skill level 5 in Dodging
  3159 | Sewer    | Slain by a big kobold

Vault maps used:
D:1:      dpeg_arrival_rooms_with_view
D:2:      fedhas_altar_4, minmay_misc_feat_diagonals, minmay_misc_feat_enclosed
D:3:      vehumet_crystals, portal_sewer_entry_f, uniq_jessica
Sewer:    sewer_minmay_treatment

Skill      XL: |  1  2  3  4  5 |
---------------+----------------+-----
Stealth        | 2 3 4 |  4.2
Short Blades   | 3 4 |  4.3
Dodging        | 5 |  5.1
Fighting       | |  2.9
Shields        | |  2.4

Action                   |  1- 3 |  4- 6 || total
-------------------------+-------+-------++-------
Melee: Rapier            |   138 |   175 ||   313
  Use: Potion            |       |     4 ||     4
 Stab: Sleeping          |     6 |     4 ||    10
  Eat: Ration            |       |     3 ||     3
Armor: Robe              |     2 |     9 ||    11
       Skin              |       |    11 ||    11
Dodge: Dodged            |    98 |   132 ||   230
       Deflected         |       |     2 ||     2
Block: Buckler           |    32 |    54 ||    86

Table legend:
 A = Spawn XP
 B = Non-spawn XP
 C = Spawn XP percentage of total XP
 D = Spawn monster count
 E = Non-spawn monster count
 F = Spawn count percentage of total count
 G = Total turns spent on level
                    A         B        C        D         E        F      G
               +---------+---------+-------+---------+---------+-------+---------
         Total |       0 |     278 |   0.0 |       0 |      84 |   0.0 |  3159
               +---------+---------+-------+---------+---------+-------+---------
           D:1 |       0 |      30 |   0.0 |       0 |      15 |   0.0 |   679
           D:2 |       0 |      28 |   0.0 |       0 |      16 |   0.0 |   717
           D:3 |       0 |      16 |   0.0 |       0 |       7 |   0.0 |   157
         Sewer |       0 |     204 |   0.0 |       0 |      46 |   0.0 |  1606
               +---------+---------+-------+---------+---------+-------+---------
